[Event "Titled Tuesday Blitz November 29 Late 2022"]
[White "Shankland, Sam"]
[Black "Svane, Frederik"]
[WhiteFideId "2004887"]
[BlackFideId "12923044"]
[WhiteElo "2612"]
[BlackElo "2466"]
[Result "0-1"]
[Round "07"]
[TimeControl "180+1"]
[Date "2022.11.30"]
[WhiteClock "0:01:57"]
[BlackClock "0:01:39"]

1. d4 d5 2. c4 e6 3. Nf3 Nf6 4. Nc3 Nbd7 5. Bg5 c6 6. e3 Be7 7. Qc2 h6 8. Bh4 O-O 9. cxd5 Nxd5 10. Bxe7 Qxe7 11. Be2 Nxc3 12. Qxc3 c5 13. O-O b6 14. dxc5 Nxc5 15. Rac1 Bb7 16. b4 Ne4 17. Qc7 Qxc7 18. Rxc7 Bd5 19. a3 a5 20. b5 Rfc8 21. Rfc1 Nc5 22. Rxc8+ Rxc8 23. Nd4 Kf8 24. f3 Ke7 25. e4 Bb7 26. Kf2 Nxe4+ 0-1


[Site "https://www.chess.com"]

[Event "Titled Tuesday Blitz November 29 Late 2022"]
[White "Shapiro, Daniel"]
[Black "Rodriguez Fontecha, Marcos"]
[WhiteFideId "2001780"]
[BlackFideId "2256576"]
[WhiteElo "2341"]
[BlackElo "2263"]
[Result "0-1"]
[Round "07"]
[TimeControl "180+1"]
[Date "2022.11.30"]
[WhiteClock "0:00:05"]
[BlackClock "0:00:12"]

1. d4 d5 2. c4 c6 3. Nf3 Nf6 4. Qb3 g6 5. Bg5 Bg7 6. Nc3 O-O 7. e3 e6 8. h3 a6 9. a4 a5 10. Bd3 Na6 11. O-O Nb4 12. Be2 h6 13. Bh4 g5 14. Bg3 Re8 15. Ne5 Nd7 16. f4 Nxe5 17. fxe5 b6 18. Bh5 Re7 19. Rad1 Ba6 20. cxd5 cxd5 21. Rf2 Bc4 22. Qa3 Bf8 23. h4 Rc7 24. Qa1 gxh4 25. Bf4 Nd3 26. Rf3 Nxf4 27. Rxf4 Raa7 28. Qc1 Kh8 29. Qd2 Qg5 30. Bf3 h3 31. Rg4 Qf5 32. Qf2 f6 33. Rf4 Qg5 34. Rxf6 Rf7 35. e4 Rxf6 36. exf6 Qxf6 37. exd5 hxg2 38. dxe6 Bxe6 39. Ne4 Qg6 40. d5 Bf5 41. Qd4+ Bg7 42. Qe3 Re7 43. Re1 Bxe4 44. Bxe4 Qd6 45. b3 Qb4 46. Re2 Bd4 0-1


[Site "https://www.chess.com"]

[Event "Titled Tuesday Blitz November 29 Late 2022"]
[White "Shimanov, Aleksandr"]
[Black "Deac, Bogdan-Daniel"]
[WhiteFideId "4198603"]
[BlackFideId "1226380"]
[WhiteElo "2605"]
[BlackElo "2648"]
[Result "0-1"]
[Round "07"]
[TimeControl "180+1"]
[Date "2022.11.30"]
[WhiteClock "0:00:05"]
[BlackClock "0:00:05"]

1. e4 c6 2. d4 d5 3. Nc3 a6 4. Nge2 g6 5. f3 Bg7 6. Be3 Qb6 7. Qd2 Qxb2 8. Rb1 Qa3 9. h4 dxe4 10. fxe4 Nf6 11. e5 Ng4 12. h5 Qa5 13. Ng3 O-O 14. hxg6 hxg6 15. Bc4 b5 16. Bb3 c5 17. Nd5 Qxd2+ 18. Bxd2 Nc6 19. c3 Be6 20. Nc7 Bxb3 21. Nxa8 Bxa2 22. Ra1 Bc4 23. Nb6 cxd4 24. Nxc4 bxc4 25. Rxa6 Ngxe5 26. cxd4 Nd3+ 27. Kf1 Nxd4 28. Ne2 Rb8 29. Nxd4 Rb1+ 30. Ke2 Rxh1 31. Ra8+ Kh7 32. Nf3 Bf6 33. Rc8 Rb1 34. Rxc4 Ne5 35. Nxe5 Bxe5 36. Re4 f6 37. Rh4+ Kg7 38. Kd3 Bd6 39. Re4 Rb5 40. Ke2 Kf7 41. Kf3 Rf5+ 42. Ke2 Re5 43. Kd3 Rxe4 44. Kxe4 f5+ 45. Kd5 Bg3 46. Bc3 e6+ 47. Kc6 e5 48. Kd5 e4 49. Bd4 Bf4 50. Bg1 Bg3 51. Bd4 Ke7 52. Be3 Kf6 53. Bd2 Bf2 54. Bc3+ Kg5 55. Bd4 Bxd4 0-1


[Site "https://www.chess.com"]

[Event "Titled Tuesday Blitz November 29 Late 2022"]
[White "Souleidis, Georgios"]
[Black "Mickiewicz, Piotr"]
[WhiteFideId "4206827"]
[BlackFideId "1114891"]
[WhiteElo "2401"]
[BlackElo "2246"]
[Result "1-0"]
[Round "07"]
[TimeControl "180+1"]
[Date "2022.11.30"]
[WhiteClock "0:02:19"]
[BlackClock "0:00:17"]

1. e4 c5 2. Be2 Nc6 3. d3 g6 4. f4 Bg7 5. Nf3 d6 6. O-O Nf6 7. c3 O-O 8. Kh1 Rb8 9. Be3 b5 10. a3 a5 11. Nbd2 b4 12. d4 bxc3 13. bxc3 cxd4 14. cxd4 d5 15. e5 Ng4 16. Bg1 Nh6 17. Rc1 Bd7 18. Nb3 Nf5 19. Nc5 h5 20. Qc2 Bc8 21. Rb1 Rxb1 22. Rxb1 Bh6 23. g3 h4 24. g4 Bxf4 25. gxf5 Bxf5 26. Bd3 Bxd3 27. Nxd3 1-0


[Site "https://www.chess.com"]

[Event "Titled Tuesday Blitz November 29 Late 2022"]
[White "Steinberg, Nitzan"]
[Black "Naroditsky, Daniel"]
[WhiteFideId "2801795"]
[BlackFideId "2026961"]
[WhiteElo "2491"]
[BlackElo "2628"]
[Result "0-1"]
[Round "07"]
[TimeControl "180+1"]
[Date "2022.11.30"]
[WhiteClock "0:00:04"]
[BlackClock "0:00:05"]

1. e4 c6 2. Nf3 d5 3. Nc3 dxe4 4. Nxe4 Nf6 5. Qe2 Nxe4 6. Qxe4 Bd7 7. Bc4 e6 8. d4 c5 9. O-O Bc6 10. Qg4 Nd7 11. Bg5 Be7 12. d5 exd5 13. Rfe1 f6 14. Bf4 dxc4 15. Qxg7 Rf8 16. Nh4 Rf7 17. Qg8+ Nf8 18. Nf5 Qd5 19. Nd6+ Kd7 20. Rad1 Ng6 21. Qxg6 hxg6 22. Nxf7 Bf8 23. Rxd5+ Bxd5 24. Nh8 g5 25. Bg3 f5 26. h4 gxh4 27. Bxh4 Bd6 28. Ng6 Rg8 29. Ne5+ Kc7 30. f3 b5 31. Kf2 b4 32. Bg3 c3 33. b3 a5 34. Bf4 c4 35. bxc4 Bb7 36. c5 Bxc5+ 37. Be3 Bd6 38. Bf4 Kc8 39. Rd1 Bc5+ 40. Be3 Bxe3+ 41. Kxe3 Rxg2 42. Nc4 Rxc2 43. Nxa5 Rxa2 44. Nc4 c2 45. Rc1 b3 46. Kd2 b2 47. Nxb2 Rxb2 48. Kc3 Ra2 49. f4 Be4 50. Kb3 Ra6 0-1


[Site "https://www.chess.com"]

[Event "Titled Tuesday Blitz November 29 Late 2022"]
[White "Sztokbant, Bernardo Vainzoff"]
[Black "Foerster-Yialamas, Lucas"]
[WhiteFideId "2115956"]
[BlackFideId "30901774"]
[WhiteElo "2228"]
[BlackElo "2067"]
[Result "1-0"]
[Round "07"]
[TimeControl "180+1"]
[Date "2022.11.30"]
[WhiteClock "0:00:03"]
[BlackClock "0:00:02"]

1. d4 Nf6 2. c4 b6 3. Nf3 Bb7 4. g3 g6 5. Bg2 Bg7 6. O-O O-O 7. d5 c6 8. Nc3 cxd5 9. cxd5 e6 10. e4 Re8 11. Bf4 exd5 12. exd5 d6 13. Nd2 Qd7 14. Re1 Na6 15. Nc4 Rxe1+ 16. Qxe1 Ne8 17. Qe2 Nac7 18. Rd1 Rc8 19. Qd2 Nb5 20. Nxb5 Qxb5 21. b3 Rd8 22. Re1 Qd7 23. Qb4 Nf6 24. Bg5 h6 25. Bxf6 Bxf6 26. h4 Kg7 27. a4 Qf5 28. Qd2 g5 29. hxg5 Bxg5 30. Qd4+ Bf6 31. Qd2 Qg5 32. Qxg5+ hxg5 33. Ne3 Be5 34. Be4 f6 35. Rc1 Rd7 36. Bf5 Re7 37. Be6 Kg6 38. Bf5+ Kg7 39. Be6 Kg6 40. g4 a6 41. Nf5 Rh7 42. Bg8 Rd7 43. Be6 Rd8 44. Rc7 Rg8 45. Bxg8 Bxd5 46. Bxd5 b5 47. Rg7# 1-0


[Site "https://www.chess.com"]

[Event "Titled Tuesday Blitz November 29 Late 2022"]
[White "Tanenbaum, Zachary"]
[Black "Araujo Sanchez, Josue"]
[WhiteFideId "2060850"]
[BlackFideId "6416896"]
[WhiteElo "2175"]
[BlackElo "2370"]
[Result "1-0"]
[Round "07"]
[TimeControl "180+1"]
[Date "2022.11.30"]
[WhiteClock "0:01:03"]
[BlackClock "0:00:46"]

1. e4 c5 2. Nf3 e6 3. d4 cxd4 4. Nxd4 a6 5. Bd3 Qc7 6. O-O Nf6 7. Nc3 d6 8. Be3 Nbd7 9. f4 g6 10. f5 e5 11. Ne6 fxe6 12. fxe6 Bg7 13. exd7+ Qxd7 14. Bc4 Qc6 15. Qd3 Bd7 16. Nd5 Rf8 17. Nxf6+ Rxf6 18. Bg5 Qc5+ 19. Kh1 Rxf1+ 20. Qxf1 d5 21. Bxd5 Qf8 22. Qd3 h6 23. Rf1 hxg5 24. Rxf8+ Bxf8 25. Bxb7 Rb8 26. Qd5 Bg7 27. Qg8+ Bf8 28. Qxg6+ Kd8 29. Qb6+ Ke8 30. Qc7 Rd8 31. Qxe5+ Be7 32. Bd5 Bb5 33. Qf5 Rd6 34. Kg1 Rf6 35. Qc8+ Bd8 36. c4 Bd7 37. Qb8 Ke7 38. Qe5+ Be6 39. c5 Kd7 40. Qd6+ Ke8 41. Bxe6 1-0


[Site "https://www.chess.com"]

[Event "Titled Tuesday Blitz November 29 Late 2022"]
[White "Tarnowska, Aleksandra"]
[Black "Qashashvili, Alexandre"]
[WhiteFideId "1180967"]
[BlackFideId "13600842"]
[WhiteElo "1776"]
[BlackElo "2405"]
[Result "0-1"]
[Round "07"]
[TimeControl "180+1"]
[Date "2022.11.30"]
[WhiteClock "0:00:02"]
[BlackClock "0:01:51"]

1. e4 c6 2. d4 d5 3. Nc3 dxe4 4. Nxe4 Nd7 5. Nf3 Ngf6 6. Nxf6+ Nxf6 7. Be3 Bg4 8. Be2 e6 9. h3 Bh5 10. O-O Bd6 11. c3 O-O 12. Qc2 Bg6 13. Bd3 Bxd3 14. Qxd3 h6 15. Rad1 Nd5 16. Bc1 Bf4 17. Qe4 Bxc1 18. Rxc1 Qf6 19. Ne5 Qf4 20. Rfe1 Rad8 21. g3 Qxe4 22. Rxe4 Nf6 23. Re2 Nd7 24. f4 Nxe5 25. fxe5 Rd5 26. Rf1 c5 27. Re4 cxd4 28. cxd4 Rfd8 29. Ref4 R8d7 30. Rc1 g5 31. Re4 Rxd4 32. Rxd4 Rxd4 33. Rc8+ Kg7 34. Rc7 Rd1+ 35. Kf2 Rd2+ 36. Kf3 Rxb2 37. h4 gxh4 38. gxh4 a5 39. Rc4 Rxa2 40. Rg4+ Kf8 41. Rc4 Rb2 42. Kg4 b5 43. Rc7 Kg7 44. Kh5 a4 45. Rc8 a3 46. Rc3 b4 47. Rg3+ Kf8 48. Kxh6 a2 49. Rg1 Rb1 50. Rg2 a1=Q 51. h5 Qxe5 52. Rg5 Qxg5+ 53. Kxg5 Rh1 0-1


[Site "https://www.chess.com"]

[Event "Titled Tuesday Blitz November 29 Late 2022"]
[White "Tirelli, Mauro"]
[Black "Necromon"]
[WhiteFideId "845353"]
[WhiteElo "2166"]
[BlackElo "2485"]
[Result "1-0"]
[Round "07"]
[TimeControl "180+1"]
[Date "2022.11.30"]
[WhiteClock "0:01:31"]
[BlackClock "0:01:04"]

1. d4 c5 2. d5 Nf6 3. Nf3 g6 4. Nc3 Bg7 5. e4 d6 6. h3 O-O 7. Be2 a6 8. a4 Nbd7 9. O-O Re8 10. Bf4 Rb8 11. a5 b5 12. axb6 Qxb6 13. Ra2 Nh5 14. Bd2 Ne5 15. Nxe5 Bxe5 16. Bxh5 gxh5 17. Qxh5 Qb4 18. f4 Bxc3 19. Bxc3 Qxe4 20. Rf3 Bf5 21. Qg5+ Bg6 22. f5 Qxd5 23. Qh6 f6 24. fxg6 hxg6 25. Qxg6+ 1-0


[Site "https://www.chess.com"]

[Event "Titled Tuesday Blitz November 29 Late 2022"]
[White "Tomaszewski, Kacper"]
[Black "Radovanovic, Dusan"]
[WhiteFideId "1127373"]
[BlackFideId "926868"]
[WhiteElo "2211"]
[BlackElo "2341"]
[Result "1/2-1/2"]
[Round "07"]
[TimeControl "180+1"]
[Date "2022.11.30"]
[WhiteClock "0:00:04"]
[BlackClock "0:00:10"]

1. Nf3 Nf6 2. g3 g6 3. Bg2 Bg7 4. O-O O-O 5. d4 d6 6. Re1 d5 7. Nbd2 c5 8. dxc5 Qc7 9. Nb3 Nbd7 10. Be3 Ng4 11. Bg5 Re8 12. Qxd5 Bxb2 13. Rad1 Bg7 14. Nfd4 Ngf6 15. Qc4 Ne5 16. Qb4 Bd7 17. Qxb7 Rac8 18. Bf4 Nh5 19. Qxc7 Rxc7 20. c6 Be6 21. Nb5 Rcc8 22. Nxa7 Ra8 23. Nb5 Rxa2 24. Nc7 Rc8 25. Nxe6 fxe6 26. Bxe5 Bxe5 27. Nc5 Rxc2 28. Nxe6 Nf6 29. f4 Bd6 30. e4 Bb4 31. e5 Ng4 32. Re4 Ba5 33. Bf3 Bb6+ 34. Nd4 Nxh2 35. Be2 Rxe2 36. Rxe2 Nf3+ 37. Kg2 Nxd4 38. Rb2 Rxc6 39. Rxb6 Rxb6 40. Rxd4 Rb2+ 41. Kf3 Kf7 42. Rc4 Rb3+ 43. Kg4 h6 44. Kh4 Kg7 45. g4 Kf7 46. g5 h5 47. Rc6 Rf3 48. e6+ Kg7 49. Rc4 Kf8 50. Rd4 Kg7 51. Rc4 Kf8 52. Rb4 Kg7 53. Ra4 Kf8 54. Ra8+ Kg7 55. Re8 Rxf4+ 56. Kh3 Rf5 57. Rxe7+ Kf8 58. Ra7 Rxg5 59. Rf7+ Ke8 60. Kh4 Rg4+ 61. Kh3 Re4 62. Rf6 Rg4 63. Rf7 Rg5 64. Kh4 Rg4+ 65. Kh3 1/2-1/2


[Site "https://www.chess.com"]

[Event "Titled Tuesday Blitz November 29 Late 2022"]
[White "Torres Dominguez, David"]
[Black "De Souza, Cristiano Gomes"]
[WhiteFideId "2220857"]
[BlackFideId "2151758"]
[WhiteElo "2037"]
[BlackElo "2068"]
[Result "0-1"]
[Round "07"]
[TimeControl "180+1"]
[Date "2022.11.30"]
[WhiteClock "0:00:09"]
[BlackClock "0:00:44"]

1. e4 c5 2. Nf3 d6 3. d4 cxd4 4. Nxd4 Nf6 5. Nc3 a6 6. f4 e5 7. Nf3 Nc6 8. fxe5 dxe5 9. Qxd8+ Kxd8 10. Bg5 Be7 11. O-O-O+ Ke8 12. Nd5 Nxd5 13. exd5 Bxg5+ 14. Nxg5 Nd4 15. c3 Nf5 16. Bd3 Nd6 17. Rde1 f6 18. Nf3 Bg4 19. Rhf1 Bxf3 20. gxf3 Ke7 21. f4 Nf7 22. Be4 Kd6 23. fxe5+ Nxe5 24. Rg1 g6 25. Rd1 f5 26. Bc2 Rae8 27. b3 b5 28. Rg2 Ng4 29. Rdd2 Re1+ 30. Kb2 Rhe8 31. Bd3 R8e3 32. c4 bxc4 33. Bxc4 Ne5 34. Rc2 f4 35. Rgf2 f3 36. a4 a5 37. b4 axb4 38. a5 Nxc4+ 39. Rxc4 Kxd5 40. Rcc2 R1e2 41. Kb1 b3 42. Rb2 Rxb2+ 43. Kxb2 Re2+ 44. Kxb3 Rxf2 0-1


[Site "https://www.chess.com"]

[Event "Titled Tuesday Blitz November 29 Late 2022"]
[White "Tristan, Leonardo"]
[Black "D`Arruda, Ricardo D."]
[WhiteFideId "113816"]
[BlackFideId "100692"]
[WhiteElo "2461"]
[BlackElo "2460"]
[Result "1-0"]
[Round "07"]
[TimeControl "180+1"]
[Date "2022.11.30"]
[WhiteClock "0:00:20"]
[BlackClock "0:00:15"]

1. d4 Nf6 2. Nf3 d5 3. Bf4 c6 4. e3 g6 5. c4 Nbd7 6. Nc3 Bg7 7. h3 O-O 8. Rc1 e6 9. Be2 b6 10. O-O Bb7 11. b4 Re8 12. b5 c5 13. dxc5 Nxc5 14. Ne5 Rc8 15. cxd5 Nxd5 16. Nxd5 Bxd5 17. Nc6 Qd7 18. Bf3 a6 19. a4 axb5 20. axb5 Bxf3 21. Qxd7 Nxd7 22. Ne7+ Kf8 23. Nxc8 e5 24. Nd6 Be2 25. Rfe1 Re6 26. Bg5 f6 27. Rxe2 Rxd6 28. Bh4 Nc5 29. e4 Bh6 30. Ra1 Rd7 31. Bxf6 1-0


[Site "https://www.chess.com"]

[Event "Titled Tuesday Blitz November 29 Late 2022"]
[White "Vargas, Mauricio"]
[Black "Harish, Neeraj"]
[WhiteFideId "4404572"]
[BlackFideId "30958130"]
[WhiteElo "2025"]
[BlackElo "1815"]
[Result "0-1"]
[Round "07"]
[TimeControl "180+1"]
[Date "2022.11.30"]
[WhiteClock "0:00:08"]
[BlackClock "0:00:53"]

1. e4 c5 2. Nc3 Nc6 3. f4 g6 4. Nf3 Bg7 5. g3 e6 6. Bg2 Nge7 7. d3 O-O 8. O-O d5 9. e5 b6 10. Ne2 Bb7 11. c3 f6 12. Qe1 fxe5 13. fxe5 Nxe5 14. Nxe5 Rxf1+ 15. Qxf1 Bxe5 16. Bg5 Qd7 17. Nf4 Rf8 18. Qe2 Bxf4 19. Bxf4 Nc6 20. Re1 Re8 21. Be5 Nxe5 22. Qxe5 Qg7 23. Qg5 e5 24. Bh3 e4 25. dxe4 dxe4 26. Bg2 Qe5 27. Qxe5 Rxe5 28. Rxe4 Bxe4 29. Bxe4 Rxe4 0-1


[Site "https://www.chess.com"]

[Event "Titled Tuesday Blitz November 29 Late 2022"]
[White "Vasques, Antonio Pedro Freixial"]
[Black "Espinosa, Pedro"]
[WhiteFideId "1908332"]
[BlackFideId "30921066"]
[WhiteElo "2243"]
[BlackElo "2016"]
[Result "0-1"]
[Round "07"]
[TimeControl "180+1"]
[Date "2022.11.30"]
[WhiteClock "0:00:55"]
[BlackClock "0:01:31"]

1. e4 c5 2. Nc3 Nc6 3. Bb5 Nd4 4. Nf3 Nxb5 5. Nxb5 a6 6. Nc3 g6 7. d4 Bg7 8. O-O cxd4 9. Nxd4 d6 10. Bg5 Nf6 11. Re1 O-O 12. Nb3 h6 13. Bh4 g5 14. Bg3 Bg4 15. f3 Be6 16. Qd2 Nh5 17. Bf2 Nf4 18. a4 Bxb3 19. cxb3 Rc8 20. Nd5 Nxd5 21. exd5 Bf6 22. Bd4 Kg7 23. h4 Kg6 24. hxg5 hxg5 25. Qd3+ Kg7 26. Bxf6+ exf6 27. Qf5 Qb6+ 28. Kh2 Qf2 0-1


[Site "https://www.chess.com"]

[Event "Titled Tuesday Blitz November 29 Late 2022"]
[White "Vlassov, Nikolai"]
[Black "Wieczorek, Zbigniew"]
[WhiteFideId "4103360"]
[BlackFideId "1102001"]
[WhiteElo "2324"]
[BlackElo "2310"]
[Result "1-0"]
[Round "07"]
[TimeControl "180+1"]
[Date "2022.11.30"]
[WhiteClock "0:00:10"]
[BlackClock "0:00:01"]

1. e4 g6 2. Nc3 Bg7 3. h4 h5 4. Nf3 c6 5. Bc4 d5 6. exd5 b5 7. Bb3 b4 8. Ne2 cxd5 9. d4 Nf6 10. Bg5 O-O 11. Qd2 a5 12. a3 bxa3 13. Rxa3 Ne4 14. Qe3 Nc6 15. O-O Bg4 16. Nf4 Bxf3 17. gxf3 Nxg5 18. hxg5 Bxd4 19. Qd3 e6 20. Nxe6 fxe6 21. Qxg6+ Bg7 22. Qxe6+ Kh8 23. Qg6 Qe8 24. Qxe8 Raxe8 25. Bxd5 Nd4 26. Rxa5 Rf5 27. f4 Rxf4 28. c3 Ne2+ 29. Kg2 Ref8 30. f3 R4f5 31. c4 Rxg5+ 32. Kf2 Nf4 33. Rh1 Bd4+ 34. Ke1 Rg2 35. Be4 Re8 36. Rb5 Bxb2 37. Kf1 Bd4 38. Rb7 Rf2+ 39. Ke1 Nd3+ 40. Kd1 Nb2+ 41. Kc1 Nd3+ 42. Bxd3 Be3+ 43. Kb1 h4 44. Rxh4+ Kg8 45. Rg4+ Kf8 46. Re4 Rxe4 47. Bxe4 Bd4 48. Rc7 Ke8 49. c5 Kd8 50. Rc6 Kd7 51. Rd6+ Kc7 52. Rxd4 1-0


[Site "https://www.chess.com"]

[Event "Titled Tuesday Blitz November 29 Late 2022"]
[White "Wirig, Anthony"]
[Black "Pranav, V"]
[WhiteFideId "615013"]
[BlackFideId "25060783"]
[WhiteElo "2487"]
[BlackElo "2430"]
[Result "1-0"]
[Round "07"]
[TimeControl "180+1"]
[Date "2022.11.30"]
[WhiteClock "0:00:09"]
[BlackClock "0:00:01"]

1. c4 e5 2. g3 Nf6 3. Bg2 c6 4. d4 e4 5. Nc3 d5 6. cxd5 cxd5 7. Bg5 Be6 8. Bxf6 gxf6 9. e3 Nc6 10. Nge2 Bd6 11. Qb3 Rb8 12. Nf4 Bxf4 13. gxf4 a6 14. Bf1 b5 15. Rg1 f5 16. a4 b4 17. Ne2 Na5 18. Qa2 Rc8 19. Ng3 Qb6 20. Be2 b3 21. Qa3 Rc2 22. Kf1 Kd7 23. Kg2 Qd6 24. Rgb1 Qxa3 25. Rxa3 h5 26. h4 Rb8 27. Bxa6 Nc4 28. Bb5+ Kd6 29. Bxc4 dxc4 30. a5 c3 31. bxc3 b2 32. a6 Bc4 33. a7 Ra8 34. Ra4 Bd3 35. Rb4 Rxa7 36. R4xb2 Rxc3 37. Nxf5+ Ke6 38. Ng3 Bxb1 39. Rxb1 Rc2 40. Rb6+ Kd5 41. Rb5+ Kc6 42. Rxh5 Re7 43. Rf5 Kd6 44. h5 Ra7 45. Nxe4+ Ke7 46. h6 Ra6 47. Rh5 Rg6+ 48. Kf3 Rc8 49. h7 Rh8 50. f5 Rg1 51. d5 f6 52. d6+ Kf7 53. Rh6 Kg7 54. Rxf6 Rd1 55. Rg6+ Kf8 56. Kf4 Rxh7 57. Ke5 Rh2 58. Rf6+ Ke8 59. Re6+ Kd8 60. Rg6 Kd7 61. Nf6+ Kc6 62. Ne4 Kd7 63. Rg7+ Kc6 64. f4 Rd5+ 65. Ke6 Rh6+ 66. f6 Rd3 67. Rc7+ Kb6 68. Rc3 Rd1 69. d7 Rhh1 70. Nd6 Rxd6+ 71. Kxd6 Rc1 72. Rxc1 1-0


[Site "https://www.chess.com"]

[Event "Titled Tuesday Blitz November 29 Late 2022"]
[White "Yanchenko, Roman"]
[Black "Sokolovsky, Yahli"]
[WhiteFideId "4137329"]
[BlackFideId "2820242"]
[WhiteElo "2489"]
[BlackElo "2316"]
[Result "1-0"]
[Round "07"]
[TimeControl "180+1"]
[Date "2022.11.30"]
[WhiteClock "0:00:50"]
[BlackClock "0:00:02"]

1. d4 d6 2. c4 e5 3. dxe5 dxe5 4. Qxd8+ Kxd8 5. Nc3 c6 6. f4 Be6 7. fxe5 Bxc4 8. Nf3 Nd7 9. Bf4 Ne7 10. O-O-O Ng6 11. e3 Be6 12. Bd3 Kc7 13. h4 Bc5 14. Kc2 Nb6 15. Ng5 Nd5 16. Nxe6+ fxe6 17. Nxd5+ cxd5 18. h5 Nxf4 19. exf4 Raf8 20. Rh4 Rf7 21. Rg4 Kd7 22. g3 Ke7 23. a3 a5 24. Kb3 h6 25. Bg6 Rff8 26. Rc1 Rc8 27. Bd3 Kf7 28. Rg6 Bd4 29. Rd1 Be3 30. Be2 d4 31. a4 Rhd8 32. Bc4 Rc6 33. f5 Kf8 34. f6 Rd7 35. fxg7+ Rxg7 36. Rf1+ Kg8 37. Bxe6+ Kh8 38. Rf8+ Kh7 39. Bg8+ Rxg8 40. Rfxg8 Rxg6 41. Rxg6 d3 42. e6 d2 43. Kc2 Bg5 44. Rxg5 1-0


[Site "https://www.chess.com"]

[Event "Titled Tuesday Blitz November 29 Late 2022"]
[White "Yeritsyan, Hayk"]
[Black "Howell, David W L"]
[WhiteFideId "13307320"]
[BlackFideId "410608"]
[WhiteElo "2443"]
[BlackElo "2567"]
[Result "0-1"]
[Round "07"]
[TimeControl "180+1"]
[Date "2022.11.30"]
[WhiteClock "0:01:42"]
[BlackClock "0:01:39"]

1. d4 Nc6 2. Nf3 d5 3. Bf4 Bg4 4. e3 e6 5. Be2 Bd6 6. Bxd6 cxd6 7. O-O Nf6 8. c4 dxc4 9. Bxc4 Qb6 10. Nbd2 O-O 11. Qb3 Qxb3 12. Bxb3 Rfc8 13. a3 Na5 14. Rac1 Bxf3 15. gxf3 Kf8 16. Rfd1 Ke7 17. Kf1 d5 18. Ke2 Ne8 19. Ba4 Nd6 20. Bb5 Nxb5 21. Kd3 Nd6 0-1


[Site "https://www.chess.com"]

[Event "Titled Tuesday Blitz November 29 Late 2022"]
[White "Zhigalko, Sergei"]
[Black "Bortnyk, Olexandr"]
[WhiteFideId "13502956"]
[BlackFideId "14120828"]
[WhiteElo "2662"]
[BlackElo "2723"]
[Result "0-1"]
[Round "07"]
[TimeControl "180+1"]
[Date "2022.11.30"]
[WhiteClock "0:00:02"]
[BlackClock "0:00:01"]

1. e4 Nf6 2. e5 Nd5 3. Nf3 d6 4. d4 dxe5 5. Nxe5 c6 6. Be2 Bf5 7. O-O Nd7 8. Nf3 e6 9. c4 N5f6 10. Bf4 Be7 11. Nc3 O-O 12. Nh4 Bg6 13. Nxg6 hxg6 14. Re1 Re8 15. Bf3 Qa5 16. Qc2 Rad8 17. a3 Qf5 18. Qxf5 gxf5 19. d5 cxd5 20. cxd5 exd5 21. Rad1 d4 22. Nb5 Bc5 23. Bxb7 Rxe1+ 24. Rxe1 Bb6 25. b4 d3 26. Rd1 Ne4 27. Bxe4 fxe4 28. Nc3 f5 29. g4 g6 30. Kf1 Rc8 31. Nd5 Rc2 32. Be3 fxg4 33. Bxb6 axb6 34. Ne3 Ra2 35. Nxg4 Kf7 36. f3 Rxa3 37. fxe4 Ke6 38. Kf2 Rb3 39. Ke3 Rxb4 40. Rxd3 Nc5 41. Rd4 Rb3+ 42. Ke2 Rb2+ 43. Ke3 Rb3+ 44. Ke2 b5 45. e5 Kf5 46. Ne3+ Kxe5 47. Rd5+ Ke4 48. Rxc5 Rxe3+ 49. Kf2 Rf3+ 50. Kg2 Rf5 51. Rc6 g5 52. Kg3 Kd4 53. Kg4 Rd5 54. h3 b4 55. Rb6 Kc3 0-1


[Site "https://www.chess.com"]

[Event "Titled Tuesday Blitz November 29 Late 2022"]
[White "chess50years"]
[Black "Quinones Garcia, Santiago"]
[BlackFideId "4408497"]
[WhiteElo "2154"]
[BlackElo "2249"]
[Result "1-0"]
[Round "07"]
[TimeControl "180+1"]
[Date "2022.11.30"]
[WhiteClock "0:01:35"]
[BlackClock "0:01:12"]

1. Nf3 d5 2. c4 c6 3. d4 Nf6 4. e3 g6 5. Nc3 Bg7 6. h3 O-O 7. Bd3 Nbd7 8. cxd5 cxd5 9. O-O b6 10. Bd2 Bb7 11. Qa4 e6 12. Rfc1 Ne4 13. Be1 f5 14. Nb5 e5 15. dxe5 Nxe5 16. Nxe5 Bxe5 17. Bxe4 fxe4 18. Bc3 Bb8 19. Qd4 Kf7 20. Qg7+ Ke8 21. Qxh7 Rf7 22. Qxg6 a6 23. Qg8+ Ke7 24. Bb4+ 1-0


[Site "https://www.chess.com"]

[Event "Titled Tuesday Blitz November 29 Late 2022"]
[White "Abasov, Nijat"]
[Black "Jaracz, Pawel"]
[WhiteFideId "13402960"]
[BlackFideId "1102222"]
[WhiteElo "2546"]
[BlackElo "2459"]
[Result "1-0"]
[Round "08"]
[TimeControl "180+1"]
[Date "2022.11.30"]
[WhiteClock "0:01:37"]
[BlackClock "0:00:23"]

1. c4 c6 2. Nf3 d5 3. e3 Nf6 4. Nc3 e6 5. d4 a6 6. b3 Bb4 7. Bb2 Qe7 8. Bd3 Nbd7 9. O-O O-O 10. a3 Ba5 11. b4 Bc7 12. e4 dxc4 13. Bxc4 e5 14. d5 Nb6 15. Bb3 cxd5 16. exd5 Bg4 17. h3 Bh5 18. Re1 Bd6 19. Qd3 Bg6 20. Qe3 Nfd7 21. Ne4 Bxe4 22. Qxe4 f5 23. Qe3 Qf6 24. Nxe5 Nxe5 25. Bxe5 Bxe5 26. d6+ Kh8 27. Qxe5 Rad8 28. Rad1 g6 29. Qe7 Rd7 30. Re6 Qxe7 31. dxe7 Rxd1+ 32. Bxd1 1-0


[Site "https://www.chess.com"]

[Event "Titled Tuesday Blitz November 29 Late 2022"]
[White "Abdyzhapar, Asylbek"]
[Black "Barria Zuniga, Daniel"]
[WhiteFideId "13800337"]
[BlackFideId "3400816"]
[WhiteElo "2323"]
[BlackElo "2414"]
[Result "1-0"]
[Round "08"]
[TimeControl "180+1"]
[Date "2022.11.30"]
[WhiteClock "0:00:42"]
[BlackClock "0:00:06"]

1. c4 g6 2. g3 Bg7 3. Bg2 e6 4. Nf3 d5 5. O-O Ne7 6. d3 O-O 7. a3 c5 8. Nbd2 Nbc6 9. Rb1 a5 10. b3 b6 11. Bb2 d4 12. Ne1 Ra7 13. Nc2 Bb7 14. Bc1 Ne5 15. Bxb7 Rxb7 16. b4 axb4 17. axb4 Qc7 18. Nb3 Rfb8 19. Ba3 Nf5 20. bxc5 bxc5 21. Nd2 Rxb1 22. Nxb1 h5 23. Nd2 h4 24. Ne4 hxg3 25. hxg3 Bf8 26. Qa1 Qc6 27. Rb1 Rxb1+ 28. Qxb1 Nxc4 29. Qb8 Nxa3 30. Nxa3 Qa4 31. Qb2 Qb4 32. Qc1 Be7 33. Nc4 Kg7 34. Kg2 Qb7 35. Kg1 Nh6 36. Qf4 Qd5 37. Qc7 Bf8 38. Ne5 Kh8 39. Nxf7+ Nxf7 40. Qxf7 Bg7 41. Qxg6 c4 42. dxc4 Qxc4 43. Ng5 Qc1+ 44. Kg2 Qc6+ 45. f3 Kg8 46. Nxe6 Qd7 47. Qxg7+ Qxg7 48. Nxg7 Kxg7 49. Kf2 d3 1-0


[Site "https://www.chess.com"]

[Event "Titled Tuesday Blitz November 29 Late 2022"]
[White "Adel, Sara"]
[Black "Jimenez, Joaquin"]
[WhiteFideId "10616764"]
[BlackFideId "109860"]
[WhiteElo "1994"]
[BlackElo "2163"]
[Result "0-1"]
[Round "08"]
[TimeControl "180+1"]
[Date "2022.11.30"]
[WhiteClock "0:00:13"]
[BlackClock "0:02:12"]

1. e4 e6 2. d4 d5 3. Nd2 Nc6 4. c3 e5 5. Ngf3 exd4 6. cxd4 Bg4 7. Bb5 Bb4 8. O-O Bxd2 9. Qxd2 Bxf3 10. gxf3 Ne7 11. Qg5 O-O 12. e5 Nxd4 13. Kh1 Nxb5 14. Rg1 Ng6 15. Qg4 Qc8 16. Qh5 Nd4 17. f4 Qf5 18. Qxf5 Nxf5 19. Rg5 Nge7 20. Bd2 f6 21. exf6 Rxf6 22. Rc1 c6 23. Rcg1 Rg6 24. Rxg6 Nxg6 25. Re1 Kf7 26. Kg2 Re8 27. Kf3 Rxe1 28. Bxe1 Nd4+ 29. Ke3 Nc2+ 30. Kd2 Nxe1 0-1


[Site "https://www.chess.com"]